 Dungeon Crawl Stone Soup version 0.29-a0-998-g1987434951 (webtiles) character file.

Game seed: 16740396374508354518

893 BritishOli the Ducker (level 7, -10/55 HPs)
             Began as a Demonspawn Gladiator on Aug 5, 2022.
             Was a Follower of Okawaru.
             Engulfed by a cloud of steam (11 damage)
             ... on level 6 of the Dungeon.
             The game lasted 00:05:55 (4912 turns).

BritishOli the Ducker (Demonspawn Gladiator)        Turns: 4912, Time: 00:05:55

Health: -10/55     AC: 12    Str: 16    XL:     7   Next: 78%
Magic:  7/7        EV: 12    Int: 10    God:    Okawaru [*.....]
Gold:   369        SH:  0    Dex: 14    Spells: 6/6 levels left

rFire   . . .      SeeInvis .   a - +0 long sword
rCold   . . .      Faith    .   (no shield)
rNeg    . . .      Spirit   .   o - +0 ring mail
rPois   .          Reflect  .   c - +0 helmet
rElec   .          Harm     .   (no cloak)
rCorr   .          Rampage  .   (no gloves)
Will    .....                   (no boots)
Stlth   +.........              (no amulet)
HPRegen 0.18/turn               k - +4 ring of slaying
MPRegen 0.10/turn               (no ring)

@: sanguine armoured
A: icemail 1, sanguine armour 1, condensation shield, demonic touch 1
a: Renounce Religion, Heroism


You were on level 6 of the Dungeon.
You worshipped Okawaru.
Okawaru was aware of your devotion.
You visited 1 branch of the dungeon, and saw 6 of its levels.
You also visited: Sewer.

You collected 369 gold pieces.

Inventory:

Hand Weapons
 a - a +0 long sword (weapon)
Missiles
 d - 3 throwing nets (quivered)
 e - a javelin
Armour
 b - a +0 leather armour
 c - a +0 helmet (worn)
 o - a +0 ring mail (worn)
Jewellery
 k - a +4 ring of slaying (left hand)
Wands
 s - a wand of light (22)
Scrolls
 f - a scroll of acquirement {unknown}
 g - 13 scrolls of identify {unknown}
 j - a scroll of enchant armour {unknown}
 l - a scroll of vulnerability {unknown}
 n - a scroll of magic mapping {unknown}
 p - a scroll of enchant weapon {unknown}
 q - 2 scrolls of teleportation {unknown}
 r - 2 scrolls of immolation {unknown}
 t - 2 scrolls of brand weapon {unknown}
 v - 2 scrolls of noise {unknown}
 y - a scroll of blinking {unknown}
Potions
 h - 2 potions of magic {unknown}
 i - 2 potions of brilliance {unknown}
 m - 3 potions of curing {unknown}
 u - a potion of cancellation {unknown}
 w - 2 potions of mutation {unknown}
 x - a potion of flight {unknown}
 z - a potion of heal wounds {unknown}
 A - a potion of might {unknown}


   Skills:
 + Level 4.8 Fighting
 + Level 4.8 Long Blades
 - Level 2.0 Throwing
 + Level 3.6 Armour
 + Level 4.9 Dodging


You had 6 spell levels left.
You didn't know any spells.
Your spell library contained the following spells:

 Spells                   Type           Power      Damage    Failure   Level
 Fireball                 Conj/Fire      0%         3d3       100%        5
 Starburst                Conj/Fire      0%         6d3       100%        6
 Orb of Destruction       Conj           0%         9d5       100%        7
 Ignition                 Fire           0%         3d3       100%        8
 Summon Small Mammal      Summ           Unusable   N/A       N/A         1
 Call Canine Familiar     Summ           Unusable   N/A       N/A         3
 Summon Guardian Golem    Hex/Summ       Unusable   N/A       N/A         3
 Spellforged Servitor     Conj/Summ      Unusable   N/A       N/A         7

Dungeon Overview and Level Annotations

Branches:
Dungeon (6/15)             Temple (0/1) D:5           Sewer (visited)

Altars:
Dithmenos
Okawaru
Xom

Shops:
D:2 !


Innate Abilities, Weirdness & Mutations

A meltable icy envelope protects you from harm. (AC +0)
When seriously injured, your blood forms armour. (AC +6)
A meltable shield of frost defends you. (SH +0)
Your touch may inflict minor irresistible damage on your foes.


Message History

You hit the phantom. Your touch misses the phantom.
The phantom is almost destroyed.
You are engulfed in a cloud of scalding steam.
Your blood congeals into armour.
The phantom is engulfed in a cloud of scalding steam.
The phantom is destroyed!
Unknown command.
You are too injured to fight recklessly!
You are too injured to fight recklessly!
Unknown command.
You are too injured to fight recklessly!
Unknown command.
You are engulfed in a cloud of scalding steam.
The ufetubus misses you. The ufetubus barely misses you.
The steam dragon bites you.
The steam dragon claws you but does no damage.
The ufetubus misses you. The ufetubus barely misses you.
There is an open door here.
You hit the steam dragon.
You touch the steam dragon.
The steam dragon is moderately wounded.
The ufetubus is engulfed in a cloud of scalding steam.
The ufetubus hits you but does no damage. x2
The steam dragon breathes steam at you. The ball of steam misses you.
You slash the steam dragon!
You touch the steam dragon.
The steam dragon is severely wounded.
You are engulfed in a cloud of scalding steam.
* * * LOW HITPOINT WARNING * * *
The ufetubus hits you.
* * * LOW HITPOINT WARNING * * *
The ufetubus hits you but does no damage.
The steam dragon bites you.
* * * LOW HITPOINT WARNING * * *
The steam dragon barely misses you.
The ufetubus hits you but does no damage. x2
You slash the steam dragon!
You kill the steam dragon!
Okawaru accepts your kill.
You are engulfed in a cloud of scalding steam.
You die...

#####.. ....... .......
....... ....... .......
....<.§#################
......5@§...............
......§#########.#######
....... ...........#
....... ........##.#
....... ........##.#
#+####. ........##.# #.
........##.# #.
........##.#
........##.#


You could see an ufetubus.

Vanquished Creatures
  A steam dragon (D:6)
  An ogre (D:4)
  2 bullfrogs
  5 scorpions
  2 hounds
  2 jellies (D:5)
  Jessica (D:3)
  A hell rat (Sewer)
  5 adders
  2 river rats
  2 worms (D:2)
  7 dart slugs
  3 orcs
  9 ball pythons
  4 endoplasms
  2 giant cockroaches
  7 goblins
  10 hobgoblins
  4 jackals (D:1)
  8 kobolds
  2 quokkas
  6 bats
  6 frilled lizards
  7 rats
99 creatures vanquished.

Vanquished Creatures (others)
  A phantom (D:6)
  An ufetubus (D:6)
  12 plants (D:5)
14 creatures vanquished.

Grand Total: 113 creatures vanquished

Notes
Turn   | Place    | Note
-------+----------+-------------------------------------------
     0 | D:1      | BritishOli the Demonspawn Gladiator began the quest for the
                  | Orb.
     0 | D:1      | Reached XP level 1. HP: 16/16 MP: 1/1
   140 | D:1      | Gained mutation: When seriously injured, your blood forms
                  | armour. (AC +6) [demonic ancestry]
   140 | D:1      | Reached XP level 2. HP: 22/22 MP: 2/2
   459 | D:1      | Reached XP level 3. HP: 28/28 MP: 3/3
  1192 | D:2      | Found Xeelelo's Distillery.
  1219 | D:2      | Reached skill level 1 in Armour
  1630 | D:2      | Gained mutation: Your touch may inflict minor irresistible
                  | damage on your foes. [demonic ancestry]
  1630 | D:2      | Reached XP level 4. HP: 34/34 MP: 4/4
  2127 | D:3      | Noticed a scorpion
  2132 | D:3      | Killed a scorpion
  2133 | D:3      | Reached XP level 5. HP: 32/41 MP: 5/5
  2276 | D:3      | Found an iron altar of Okawaru.
  2284 | D:3      | Became a worshipper of Warmaster Okawaru
  2580 | D:3      | Noticed Jessica
  2587 | D:3      | Killed Jessica
  2879 | D:4      | Gained mutation: A meltable shield of frost defends you.
                  | (SH +0) [demonic ancestry]
  2879 | D:4      | Reached XP level 6. HP: 39/47 MP: 6/6
  3002 | D:4      | Found a glowing drain.
  3007 | Sewer    | Entered a sewer
  3187 | D:4      | Reached * piety under Okawaru
  3649 | D:5      | Entered Level 5 of the Dungeon
  3672 | D:5      | Gained mutation: A meltable icy envelope protects you from
                  | harm. (AC +0) [demonic ancestry]
  3672 | D:5      | Reached XP level 7. HP: 54/54 MP: 7/7
  3677 | D:5      | Found a shimmering altar of Xom.
  4053 | D:5      | Found a shadowy altar of Dithmenos.
  4649 | D:5      | Found a staircase to the Ecumenical Temple.
  4902 | D:6      | Noticed a steam dragon
  4911 | D:6      | HP: 1/55 [steam dragon (3)]
  4912 | D:6      | Killed a steam dragon
  4912 | D:6      | Engulfed by a cloud of steam

Illustrated notes

Levels and vault maps discovered:
D:1:      elethiomel_arrival_infinity_welcomes_careful_drivers,
          layout_loops_ring, minmay_tree_intersection
D:2:      layout_loops_cross, serial_shops, shop
D:3:      layout_rooms, kennysheep_okawaru_gauntlet, uniq_jessica
D:4:      layout_loops_ring, gup_sewer_entry_bowl
D:5:      layout_layer_cave, gammafunk_temple_overflow_statue,
          brannock_xom_greatest_gift, minmay_temple_entry_from_below_b,
          roderic_serpentine_path, serial_bayou_pond_c, amethyst_killhole
D:6:      layout_basic

Skill      XL: |  1  2  3  4  5  6 |
---------------+-------------------+-----
Throwing       | 2 |  2.0
Dodging        | 3 4 |  4.9
Long Blades    | 3 4 |  4.8
Armour         | 1 2 3 |  3.6
Fighting       | 3 4 |  4.8

Action                   |  1- 3 |  4- 6 |  7- 9 || total
-------------------------+-------+-------+-------++-------
Melee: Long sword        |   107 |   104 |    38 ||   249
       Punch             |     3 |       |       ||     3
       Touch             |       |    19 |     8 ||    27
 Stab: Sleeping          |     1 |       |       ||     1
Armor: Leather armour    |    41 |       |       ||    41
       Ring mail         |     3 |    42 |    19 ||    64
Dodge: Dodged            |    80 |    71 |    29 ||   180
Block: Other             |       |     6 |     5 ||    11

Table legend: (Time is in decaauts)
 A = Elapsed time spent in this place.
 B = Non-inter-level travel time spent in this place.
 C = Inter-level travel time spent in this place.
 D = Time resting spent in this place.
 E = Time spent auto-exploring this place.
 F = Levels seen in this place.
 G = Mean time per level.
                   A        B        C        D        E       F      G
               +--------+--------+--------+--------+--------+-----+--------+
         Total |   4989 |   4840 |    149 |     83 |   4024 |   7 |  712.7 |
       Dungeon |   4883 |   4734 |    149 |     83 |   3978 |   6 |  813.8 |
         Sewer |    106 |    106 |      0 |      0 |     46 |   1 |  106.0 |
               +--------+--------+--------+--------+--------+-----+--------+

Top non-repeatable levels by time:
     D:1: 1176 daAuts
     D:5: 1161 daAuts
     D:4: 882 daAuts
     D:2: 860 daAuts
     D:3: 692 daAuts
     D:6: 110 daAuts
   Sewer: 106 daAuts
